Map: Stasis LE

Players

Stats

  • Race: Protoss Protoss
  • League: Grandmaster
  • Spawn Location: 1:00

soO - Winner!

  • Race: Zerg Zerg
  • Spawn Location: 11:00

VOD

Have the link to the VOD?

Description

Time

  • Played on: Nov. 29, 2018, 7:35 a.m.
  • Length: 12:50
Show
View Real Time Build Order
Export as new Build Order

Stats Protoss 

Build Orders: 1 Gate Expand, Oracle Opening, Phoenix Opening, Archon Immortal, Archon Drop 

Get SALT Encoding   

  12  0:00  Probe  
  13  0:12  Probe  
  14  0:20  Pylon  
  14  0:25  Probe  
  15  0:34  Probe  
  15  0:42  Probe  
  16  0:47  Gateway  
  17  0:50  Assimilator  
  17  0:52  Probe  
  18  1:04  Probe  
  19  1:16  Probe  
  20  1:26  Nexus  
  20  1:35  Cybernetics Core  
  20  1:39  Probe  
  21  1:45  Assimilator  
  21  1:51  Probe  
  22  1:54  Pylon  
  22  2:03  Adept, Probe  
  23  2:15  Probe  
  26  2:18  Stargate  
  26  2:27  Probe  
  26  2:28  Warp Gate  
  27  2:31  Adept  
  27  2:35  Probe x2  
  29  2:43  Probe x2  
  33  2:53  Probe x2  
  33  2:55  Phoenix  
  35  3:05  Probe x2  
  38  3:09  Pylon  
  38  3:12  Assimilator  
  39  3:17  Probe  
  39  3:18  Probe  
  41  3:21  Oracle  
  44  3:29  Probe  
  44  3:30  Probe  
  44  3:31  Assimilator  
  46  3:41  Probe  
  46  3:42  Probe  
  46  3:47  Robotics Facility  
  48  3:53  Probe  
  48  3:54  Probe  
  48  3:55  Twilight Council  
  50  3:59  Pylon  
  50  4:05  Probe  
  50  4:06  Probe  
  52  4:13  Gateway  
  52  4:15  Gateway  
  52  4:17  Probe  
  52  4:18  Probe  
  54  4:25  Warp Prism  
  54  4:26  Gateway  
  54  4:36  Templar Archives  
  56  4:44  Adept  
  58  4:48  Pylon  
  58  4:51  Pylon  
  58  5:00  Nexus  
  58  5:01  Observer  
  58  5:03  Pylon  
  58  5:06  Pylon  
  59  5:15  High Templar x3  
  59  5:20  High Templar, Archon  
  67  5:22  Probe x2  
  67  5:25  Forge  
  67  5:26  Archon  
  69  5:34  Probe x2  
  71  5:46  Protoss Ground Weapons Level 1, Probe x2  
  71  5:48  Immortal  
  77  5:51  Charge  
  77  5:53  Robotics Facility  
  77  5:57  Probe x2  
  77  6:02  Pylon  
  79  6:05  Probe x2  
  81  6:12  Probe  
  81  6:13  Probe x2  
  84  6:20  Gateway  
  84  6:21  Gateway  
  84  6:22  Pylon, Probe  
  84  6:25  Probe x2  
  87  6:33  Probe  
  87  6:35  Assimilator  
  87  6:36  Assimilator  
  87  6:37  Probe x2  
  87  6:39  Immortal  
  94  6:45  Immortal, Probe  
  99  6:49  Probe  
  99  6:52  Probe  
  99  6:53  Pylon  
  101  6:56  Pylon  
  101  7:00  Psionic Storm  
  101  7:11  High Templar x3  
  101  7:14  Zealot  
  109  7:20  Zealot x2  
  113  7:23  Photon Cannon  
  113  7:24  Shield Battery  
  113  7:26  Immortal x2, Shield Battery  
  121  7:37  Pylon  
  121  7:38  Protoss Ground Weapons Level 2  
  121  7:43  High Templar  
  123  7:52  Photon Cannon  
  123  7:58  Zealot x5  
  133  8:06  Immortal  
  133  8:07  Probe x3  
  133  8:09  Phoenix  
  133  8:11  Immortal  
  144  8:14  Pylon  
  144  8:15  Pylon  
  146  8:31  Phoenix  
  146  8:32  Pylon, Nexus  
  148  8:46  Immortal  
  152  8:50  Immortal  
  156  8:56  High Templar x3, Phoenix  
  156  9:00  Gateway  
  156  9:01  Gateway  
  156  9:02  Pylon  
  164  9:06  Pylon, Assimilator  
  161  9:18  Observer  
  157  9:28  Probe x3  
  156  9:36  Observer  
  156  9:38  Immortal  
  161  9:39  Protoss Ground Weapons Level 3, Assimilator  
  161  9:44  Probe x4, Shield Battery  
  165  9:46  Shield Battery  
  165  9:50  Zealot x3  
  165  9:51  Protoss Air Weapons Level 1, Zealot x3  
  177  9:56  Fleet Beacon  
  177  9:57  Stargate  
  177  10:15  Photon Cannon  
  177  10:17  Pylon  
  177  10:21  Carrier x2  
  177  10:25  Mothership  
  177  10:27  Stargate  
  187  10:45  Nexus  
  187  10:47  Pylon  
  195  11:03  Carrier  
  195  11:10  Photon Cannon  
  193  11:11  Photon Cannon  
  196  11:25  Zealot x4  
  200  11:26  Pylon, Nexus  
  198  11:36  Carrier x2  
  188  11:50  Cybernetics Core  
  188  11:52  Cybernetics Core  
  188  12:06  Archon  
  188  12:08  Zealot x7  
  167  12:21  Archon  
  113  12:37  Zealot x5  
  113  12:38  Zealot x2  
Show
View Real Time Build Order
Export as new Build Order

soO Zerg - Winner!

Build Orders: Hatch First, Brood Lord Corruptor, Roach Hydra 

Get SALT Encoding   

  12  0:00  Drone  
  13  0:12  Overlord  
  13  0:17  Drone  
  14  0:30  Drone  
  14  0:31  Drone  
  16  0:49  Hatchery  
  15  0:52  Drone  
  15  0:55  Drone  
  17  1:00  Drone  
  18  1:10  Extractor  
  17  1:15  Spawning Pool  
  17  1:18  Drone  
  17  1:26  Drone  
  17  1:29  Drone  
  19  1:38  Drone  
  20  1:49  Overlord  
  20  2:01  Queen  
  20  2:02  Queen  
  20  2:03  Zergling x2  
  20  2:04  Drone  
  26  2:10  Metabolic Boost  
  26  2:13  Drone  
  27  2:16  Drone  
  27  2:22  Drone  
  29  2:23  Drone  
  30  2:40  Hatchery  
  30  2:43  Drone  
  30  2:44  Drone  
  31  2:46  Zergling x2  
  31  2:48  Drone  
  33  2:55  Overlord  
  33  2:59  Queen  
  33  3:04  Drone  
  36  3:13  Drone x2  
  36  3:14  Drone x3  
  36  3:15  Overlord  
  36  3:18  Drone  
  42  3:20  Drone  
  43  3:28  Overlord  
  43  3:29  Overlord  
  43  3:33  Drone  
  44  3:35  Drone  
  44  3:40  Queen  
  47  3:45  Spore Crawler, Overlord  
  47  3:46  Drone  
  47  3:49  Drone x2  
  47  3:53  Zergling x2  
  47  3:54  Zergling x2  
  51  4:00  Queen  
  53  4:04  Drone x2  
  53  4:05  Drone  
  53  4:08  Drone  
  57  4:10  Spore Crawler  
  57  4:16  Drone  
  57  4:18  Drone  
  57  4:22  Lair  
  58  4:25  Extractor, Drone x2  
  58  4:27  Extractor, Drone  
  58  4:29  Drone x2  
  58  4:30  Drone  
  61  4:31  Drone  
  61  4:36  Spore Crawler  
  61  4:38  Drone x3  
  64  4:45  Roach Warren  
  63  4:46  Drone  
  63  4:48  Drone x2  
  63  4:51  Zergling x2  
  67  4:57  Overlord  
  67  5:02  Drone x4  
  67  5:03  Overlord  
  67  5:04  Extractor  
  70  5:08  Overlord  
  70  5:11  Drone  
  70  5:16  Overlord  
  70  5:22  Drone  
  70  5:23  Drone  
  70  5:25  Roach x2  
  70  5:26  Roach x5  
  86  5:29  Glial Reconstitution  
  86  5:51  Drone x5  
  86  5:54  Extractor  
  86  5:55  Hydralisk Den, Evolution Chamber  
  86  5:56  Drone  
  91  5:57  Drone x2  
  91  6:02  Roach x2  
  91  6:03  Drone  
  96  6:07  Overlord x2  
  96  6:12  Overlord  
  96  6:13  Hatchery  
  96  6:14  Overlord  
  96  6:15  Overseer  
  96  6:16  Overlord  
  95  6:19  Overlord  
  95  6:25  Overlord  
  95  6:27  Zerg Missile Weapons Level 1, Grooved Spines  
  95  6:29  Pneumatized Carapace  
  95  6:36  Hatchery  
  95  6:38  Hydralisk  
  95  6:39  Hydralisk x6  
  108  6:54  Drone  
  108  6:56  Drone  
  108  6:57  Drone x3  
  108  6:58  Extractor  
  110  7:11  Queen  
  110  7:13  Drone, Infestation Pit  
  112  7:15  Hydralisk x2  
  112  7:16  Hydralisk x2  
  120  7:29  Hydralisk x4  
  126  7:32  Overlord  
  126  7:33  Overlord  
  126  7:36  Overlord  
  128  7:42  Overseer  
  128  7:46  Muscular Augments  
  128  7:47  Drone  
  128  7:48  Drone x4  
  128  7:49  Extractor x2  
  131  8:03  Roach x4  
  139  8:06  Hive  
  139  8:14  Drone  
  139  8:15  Spire  
  139  8:19  Drone  
  140  8:23  Roach x5  
  150  8:31  Zerg Missile Weapons Level 2  
  150  8:40  Hatchery  
  149  8:48  Drone  
  150  8:57  Hydralisk x6  
  150  8:58  Roach x4  
  170  9:12  Overlord  
  170  9:18  Overlord  
  167  9:31  Corruptor x4, Greater Spire  
  167  9:33  Overlord x3  
  167  9:37  Overlord  
  171  9:38  Corruptor x3  
  171  9:39  Corruptor x2  
  171  9:44  Overlord  
  171  9:45  Overlord  
  181  9:48  Spine Crawler  
  181  9:50  Spine Crawler x2  
  178  10:00  Drone x5  
  178  10:06  Spine Crawler  
  178  10:07  Spine Crawler x2  
  176  10:34  Extractor, Drone x4  
  176  10:35  Extractor  
  177  10:43  Brood Lord x7  
  177  10:44  Brood Lord  
  177  10:48  Brood Lord  
  195  10:58  Spore Crawler  
  195  11:01  Spore Crawler  
  193  11:10  Corruptor x4  
  197  11:24  Corruptor x2  
  193  11:33  Corruptor x3  
  195  11:44  Hydralisk x5  
  195  11:45  Zergling x2  
  160  12:16  Hydralisk x10  
  160  12:19  Corruptor x3  
  160  12:20  Corruptor x2  
Tags
 
Add a new tag
Caveats
  • Supply blocks, unpowered buildings, or Contaminate may cause inaccurate times.
  • Supply counts are checked every 10 seconds.